[Event "Titled Tuesday Blitz April 05 Early 2022"]
[White "Voege, Tobias"]
[Black "Samant Aditya S"]
[WhiteFideId "1270513"]
[BlackFideId "35080580"]
[WhiteElo "2297"]
[BlackElo "1916"]
[Result "0-1"]
[Round "09"]
[TimeControl "180+1"]
[Date "2022.04.05"]
[WhiteClock "0:00:05"]
[BlackClock "0:00:04"]

1. c4 e5 2. g3 Nf6 3. Bg2 d5 4. cxd5 Nxd5 5. Nc3 Nb6 6. Nf3 Nc6 7. O-O Be7 8. d3 O-O 9. a4 a5 10. Be3 Be6 11. Bxb6 cxb6 12. Rc1 Rc8 13. Nd2 f6 14. Nc4 Bc5 15. Nb5 Qd7 16. Qb3 Rfd8 17. Rfd1 Kh8 18. Rd2 h5 19. h4 Kg8 20. Qd1 Bg4 21. Qf1 Kh8 22. Kh2 Be6 23. e3 Qe7 24. Qe2 Bf7 25. Bh3 Rb8 26. Bg2 g6 27. b3 Kg7 28. Rcd1 Rbc8 29. d4 exd4 30. exd4 Qxe2 31. Rxe2 Nxd4 32. Nxd4 Bxd4 33. Re7 Bc5 34. Rxd8 Rxd8 35. Rxb7 Bxf2 36. Nxb6 Bxb6 37. Rxb6 Rd3 38. Rb5 Rxb3 39. Rxa5 Rb2 40. Ra7 Kf8 41. Kg1 Be6 42. a5 Ra2 43. Bf1 Bd5 44. Ra6 Ke7 45. Ra7+ Kd6 46. Bd3 f5 47. Kf1 Ke5 48. Ra6 Kd4 49. Bb5 Rb2 50. Be2 Rxe2 51. Rxg6 Ra2 52. Rg5 Rxa5 53. Rxh5 Bf3 54. Rg5 Ke3 0-1


[Site "https://www.chess.com"]

[Event "Titled Tuesday Blitz April 05 Early 2022"]
[White "Von Buelow, Georg"]
[Black "Horcajuelo Rocamora, Martin"]
[WhiteFideId "4620658"]
[BlackFideId "24573027"]
[WhiteElo "2183"]
[BlackElo "1822"]
[Result "1-0"]
[Round "09"]
[TimeControl "180+1"]
[Date "2022.04.05"]
[WhiteClock "0:00:08"]
[BlackClock "0:00:30"]

1. e4 e5 2. Nf3 Nc6 3. Nc3 Nf6 4. d4 exd4 5. Nxd4 Bb4 6. Nxc6 bxc6 7. Bd3 O-O 8. O-O d5 9. exd5 cxd5 10. Bg5 Bxc3 11. bxc3 h6 12. Bh4 c6 13. c4 Be6 14. cxd5 cxd5 15. h3 Rc8 16. Rb1 d4 17. a4 Bd5 18. Rb4 Bc6 19. Qa1 Qd5 20. f3 Rfd8 21. Bf2 Qg5 22. Bxd4 Nh5 23. Rf2 Nf4 24. Kh1 Qg3 25. Bf1 Nxh3 26. gxh3 Bxf3+ 27. Bg2 Qxh3+ 28. Kg1 Bxg2 29. Rxg2 g6 30. c3 Re8 31. Qf1 Qh4 32. Rb1 Re4 33. Qf6 Qxf6 34. Bxf6 Rxa4 35. Bd4 a5 36. Rgb2 g5 37. Rb6 h5 38. Rf1 Ra2 39. Rh6 f6 40. Bxf6 Rc4 41. Bd4 Rxd4 42. cxd4 Rd2 43. Rxh5 Rxd4 44. Rxg5+ Kh7 45. Rxa5 Kg6 46. Ra2 Kg5 1-0


[Site "https://www.chess.com"]

[Event "Titled Tuesday Blitz April 05 Early 2022"]
[White "Winkels, Marcel"]
[Black "Mohammadian, Mohammad"]
[WhiteFideId "1003887"]
[BlackFideId "12566055"]
[WhiteElo "1900"]
[BlackElo "1544"]
[Result "0-1"]
[Round "09"]
[TimeControl "180+1"]
[Date "2022.04.05"]
[WhiteClock "0:00:37"]
[BlackClock "0:00:02"]

1. e4 e5 2. Nf3 Nc6 3. Bc4 Bc5 4. c3 Nf6 5. d4 exd4 6. cxd4 Bb4+ 7. Nbd2 Nxe4 8. d5 Ne7 9. Qc2 f5 10. O-O Bxd2 11. Nxd2 Nxd2 12. Bxd2 d6 13. Bg5 O-O 14. Rfe1 Re8 15. Re3 h6 16. Bxe7 Rxe7 17. Rae1 Rxe3 18. Rxe3 Bd7 19. Qe2 Qf6 20. Re7 Rd8 21. Rxd7 Rxd7 22. Qe8+ Kh7 23. Qxd7 Qxb2 24. Qxf5+ g6 25. Qf7+ Kh8 26. g3 Qb1+ 27. Kg2 Qe4+ 28. Kh3 Qxc4 29. Qxg6 Qxd5 30. Qxh6+ Kg8 31. Qg6+ Kf8 32. Qf6+ Qf7 33. Qd8+ Kg7 34. f4 Qh5+ 35. Qh4 Qxh4+ 36. Kxh4 Kf6 37. Kg4 d5 38. h4 d4 39. Kf3 c5 40. Ke4 b5 41. g4 a5 42. g5+ Kg6 43. f5+ Kg7 44. h5 b4 45. h6+ Kh7 46. f6 Kg6 47. Kd3 a4 48. Kc4 b3 49. axb3 a3 50. h7 Kxh7 51. Kxc5 a2 52. Kxd4 a1=Q+ 53. Kc4 Qc1+ 54. Kb5 Qxg5+ 55. Kc6 Qxf6+ 56. Kc5 Qd8 57. b4 Qb8 58. b5 Kg7 59. b6 Kf7 60. Kc6 Ke7 61. b7 Kd8 62. Kb6 Kd7 63. Ka6 Kc7 64. Ka5 Qxb7 65. Ka4 Kc6 66. Ka3 Kc5 67. Ka4 Qb4# 0-1


[Site "https://www.chess.com"]

[Event "Titled Tuesday Blitz April 05 Early 2022"]
[White "Zarubitski, Viachaslau"]
[Black "Sanchez, Robert"]
[WhiteFideId "13509373"]
[BlackFideId "2034360"]
[WhiteElo "2325"]
[BlackElo "2323"]
[Result "1-0"]
[Round "09"]
[TimeControl "180+1"]
[Date "2022.04.05"]
[WhiteClock "0:00:05"]
[BlackClock "0:00:04"]

1. e4 e6 2. d4 d5 3. Nc3 Nf6 4. Bg5 Be7 5. e5 Nfd7 6. Bxe7 Qxe7 7. Qg4 O-O 8. Bd3 f5 9. exf6 Nxf6 10. Qh4 g6 11. Nf3 c5 12. dxc5 Nc6 13. O-O-O Qxc5 14. Rhe1 Bd7 15. g4 Rac8 16. Ng5 Nb4 17. Rxe6 Nxd3+ 18. Rxd3 Bxe6 19. Nxe6 Qc4 20. Nxf8 Rxf8 21. f3 Qf4+ 22. Kb1 Re8 23. a3 d4 24. Nd1 Nd5 25. Nf2 Re1+ 26. Ka2 Qf7 27. b3 Nc3+ 28. Rxc3 dxc3 29. Ne4 Re2 30. Qd8+ Kg7 31. Qd4+ Kg8 32. Qxc3 Qe6 33. Kb2 a5 34. h4 Qc6 35. Qd3 Rh2 36. Qd8+ Kf7 37. Qd3 h6 38. g5 Qe6 39. Qd4 h5 40. Nf6 Qe2 41. Qc5 Qe6 42. Qc7+ Qe7 43. Qc4+ Qe6 44. Qc7+ Qe7 45. Qc3 Ke6 46. Qe3+ Kf7 47. Qf4 Re2 48. Nd5+ Ke6 49. Nxe7 1-0


[Site "https://www.chess.com"]

[Event "Titled Tuesday Blitz April 05 Early 2022"]
[White "Aaditya Dhingra"]
[Black "Kaminski, Victor"]
[WhiteFideId "25678191"]
[BlackFideId "1131630"]
[WhiteElo "1849"]
[BlackElo "2181"]
[Result "1-0"]
[Round "10"]
[TimeControl "180+1"]
[Date "2022.04.05"]
[WhiteClock "0:00:34"]
[BlackClock "0:00:03"]

1. c4 Nf6 2. Nc3 g6 3. g3 Bg7 4. Bg2 O-O 5. b3 d6 6. Bb2 Nc6 7. Nf3 e5 8. d3 Bg4 9. O-O Qd7 10. a3 Bh3 11. b4 Bxg2 12. Kxg2 Rfe8 13. e4 Ne7 14. h3 h5 15. Bc1 Nh7 16. Rb1 Rf8 17. d4 exd4 18. Nxd4 Nc6 19. Be3 Ne5 20. Qe2 Rae8 21. Rbd1 Qd8 22. f4 Nd7 23. Qf3 Nb6 24. Qe2 Nf6 25. c5 Nxe4 26. Nxe4 Rxe4 27. cxb6 Rfe8 28. bxc7 Qxc7 29. Qc2 Qxc2+ 30. Nxc2 Rxe3 31. Nxe3 Rxe3 32. Rf3 Re2+ 33. Rf2 Re3 34. Rxd6 Rxa3 35. Rd8+ Bf8 36. Re2 Kg7 37. b5 h4 38. gxh4 Rb3 39. Rd5 b6 40. Ra2 Bc5 41. Rxa7 Rb2+ 42. Kg3 Bf2+ 43. Kf3 Bxh4 44. Rdd7 Rxb5 45. Rxf7+ Kg8 46. Rg7+ Kf8 47. Rh7 Bf6 48. Rhf7+ 1-0


[Site "https://www.chess.com"]

[Event "Titled Tuesday Blitz April 05 Early 2022"]
[White "Alboredo, Julia"]
[Black "Iskusnyh, Sergei"]
[WhiteFideId "2124807"]
[BlackFideId "4120027"]
[WhiteElo "2041"]
[BlackElo "2492"]
[Result "0-1"]
[Round "10"]
[TimeControl "180+1"]
[Date "2022.04.05"]
[WhiteClock "0:00:07"]
[BlackClock "0:00:11"]

1. e4 e6 2. d4 d5 3. Bd3 c5 4. exd5 exd5 5. Nf3 Nc6 6. h3 Nf6 7. O-O Be7 8. dxc5 Bxc5 9. Re1+ Be6 10. c3 O-O 11. Nbd2 Bb6 12. Nb3 h6 13. Be3 Bc7 14. Nbd4 a6 15. Bc2 Qd6 16. Qd3 Ne4 17. Qe2 Rfe8 18. Rad1 Rad8 19. Bxe4 dxe4 20. Nxe6 Qxe6 21. Nd4 Qe5 22. g3 Nxd4 23. Rxd4 Qe6 24. Kg2 Qxa2 25. Qg4 Qe6 26. Qxe6 Rxe6 27. Rxd8+ Bxd8 28. Rd1 Bf6 29. Rd7 b5 30. Ra7 g5 31. Kf1 Kg7 32. Ke2 Kg6 33. Kd2 Rd6+ 34. Ke2 Be5 35. Re7 f6 36. Rb7 h5 37. g4 Rc6 38. Ra7 h4 39. Ra8 Rd6 40. Rg8+ Kf7 41. Rh8 Ke6 42. Ra8 Kd5 43. Ra7 Kc4 44. Rc7+ Kb3 45. Bc5 Rd2+ 46. Kxd2 Bxc7 47. Bd4 Bf4+ 48. Ke2 Be5 49. Bxe5 fxe5 50. Ke3 Kxb2 51. Kxe4 a5 52. Kxe5 a4 53. Kf5 a3 54. Kxg5 a2 55. f4 a1=Q 56. f5 Qc1+ 57. Kxh4 Qxc3 58. g5 Qe5 59. f6 Qf5 60. Kh5 Qh7+ 61. Kg4 Kc3 62. h4 b4 63. h5 Qe4+ 64. Kg3 Qf5 65. Kh4 Qf4+ 66. Kh3 Qxg5 0-1


[Site "https://www.chess.com"]

[Event "Titled Tuesday Blitz April 05 Early 2022"]
[White "Alinasab, Mobina"]
[Black "Ambartsumova, Karina"]
[WhiteFideId "12528897"]
[BlackFideId "4166299"]
[WhiteElo "2031"]
[BlackElo "2262"]
[Result "1-0"]
[Round "10"]
[TimeControl "180+1"]
[Date "2022.04.05"]
[WhiteClock "0:00:10"]
[BlackClock "0:00:05"]

1. e4 e5 2. Nf3 Nc6 3. Bb5 a6 4. Ba4 Nf6 5. O-O Be7 6. Re1 b5 7. Bb3 O-O 8. c3 d5 9. d4 Nxe4 10. dxe5 Be6 11. Nbd2 Nxd2 12. Bxd2 Na5 13. Nd4 Nxb3 14. axb3 c5 15. Nc6 Qd7 16. Nxe7+ Qxe7 17. f4 d4 18. b4 Rfd8 19. Qf3 dxc3 20. bxc3 Bd5 21. Qf2 Qb7 22. Be3 cxb4 23. cxb4 Rac8 24. Bc5 Qc6 25. f5 Kh8 26. f6 gxf6 27. Be7 Rg8 28. Bxf6+ Rg7 29. Qg3 Rg8 30. Rac1 Qe6 31. Re2 Bc4 32. Rd2 Bd5 33. Qd3 Bc4 34. Qd6 h5 35. Qxe6 Bxe6 36. Rc6 Ra8 37. Rd3 Kh7 38. Bxg7 Kxg7 39. Ra3 Kg6 40. Rcxa6 Rxa6 41. Rxa6 Kf5 42. Rb6 Bc4 43. Rh6 Kg5 44. Rf6 h4 45. Kf2 Be6 46. g3 hxg3+ 47. Kxg3 Kh5 48. h4 Bc4 49. Rf5+ Kg6 50. Kf4 Be6 51. Rg5+ Kh6 52. Rg8 Kh7 53. Rb8 Kg6 54. Rxb5 Kh5 55. Rb6 Kxh4 56. b5 Kh3 57. Rb8 Kg2 58. Rh8 Kf2 59. b6 Ke2 60. b7 Bd5 1-0


[Site "https://www.chess.com"]

[Event "Titled Tuesday Blitz April 05 Early 2022"]
[White "Ardila, Oscar Humberto"]
[Black "Heinemann, Josefine"]
[WhiteFideId "4404742"]
[BlackFideId "12900460"]
[WhiteElo "1983"]
[BlackElo "2300"]
[Result "0-1"]
[Round "10"]
[TimeControl "180+1"]
[Date "2022.04.05"]
[WhiteClock "0:00:06"]
[BlackClock "0:00:03"]

1. d4 d5 2. c4 c6 3. Nc3 Nf6 4. e3 g6 5. Nf3 Bg7 6. b3 O-O 7. Bb2 Bg4 8. Be2 dxc4 9. bxc4 c5 10. O-O cxd4 11. exd4 Nc6 12. d5 Na5 13. Qa4 Rc8 14. Ne5 Bxe2 15. Nxe2 Ne4 16. Rac1 Nc5 17. Qc2 Qd6 18. f4 b6 19. Bd4 e6 20. Rfd1 exd5 21. cxd5 Qxd5 22. Bxc5 Qxc5+ 23. Qxc5 Rxc5 24. Rxc5 bxc5 25. Rd7 Bxe5 26. fxe5 Nc6 27. e6 fxe6 28. Rc7 Nd4 29. Nc3 a6 30. h3 Rf5 31. Ne4 Re5 32. Nxc5 Re1+ 33. Kh2 Re2 34. h4 Rxa2 35. Rd7 e5 36. Ra7 a5 37. Nd7 e4 38. Nf6+ Kf8 39. Nxe4 a4 40. Ng5 a3 41. Nxh7+ Ke8 42. Nf6+ Kf8 43. Nd5 Ra1 44. Kg3 a2 45. Nc3 Rc1 46. Nxa2 Ra1 47. Kf4 Ne2+ 48. Kg5 Nc3 49. Kf6 Rxa2 50. Rc7 Ra6+ 51. Kg5 Ne4+ 52. Kf4 Re6 53. g4 Nd6 54. Ra7 Re7 55. Ra8+ Kf7 56. h5 gxh5 57. gxh5 Ne8 58. Kf5 Ng7+ 59. Kg5 Re5+ 60. Kg4 Nxh5 61. Ra7+ Kg8 62. Ra8+ Kh7 63. Ra7+ Ng7 64. Ra6 Rb5 65. Ra7 Rb4+ 66. Kg5 Rb5+ 67. Kg4 Kg6 68. Ra6+ Kf7 69. Ra7+ Kf6 70. Ra6+ Ne6 71. Ra7 Rb4+ 72. Kf3 Kf5 73. Ra8 Rb3+ 74. Ke2 Ke4 75. Ra4+ Nd4+ 76. Kf2 Rf3+ 77. Kg2 Rc3 78. Kf2 Ke5 79. Kg2 Nf5 80. Ra5+ Kf4 81. Ra4+ Kg5 82. Ra5 Kg4 83. Ra4+ Kg5 84. Ra5 Rb3 85. Kf2 Kf6 86. Kg2 Kg6 87. Kf2 Kg5 88. Kg2 Rd3 89. Kf2 Kf4 90. Kg2 Nd4 91. Kf2 Rd2+ 92. Ke1 Rb2 93. Ra4 Ke3 94. Kf1 Kf3 95. Kg1 Kg3 96. Ra3+ Nf3+ 97. Kf1 Rf2# 0-1


[Site "https://www.chess.com"]

[Event "Titled Tuesday Blitz April 05 Early 2022"]
[White "Avazkhonov, Alikhon"]
[Black "Mogirzan, Matei-Valeriu"]
[WhiteFideId "14208504"]
[BlackFideId "1257455"]
[WhiteElo "1739"]
[BlackElo "1733"]
[Result "0-1"]
[Round "10"]
[TimeControl "180+1"]
[Date "2022.04.05"]
[WhiteClock "0:00:01"]
[BlackClock "0:00:10"]

1. e4 e5 2. Nf3 f5 3. Nxe5 Nc6 4. Nxc6 dxc6 5. Nc3 fxe4 6. Qh5+ Ke7 7. Qe5+ Be6 8. Bc4 Qd7 9. Nxe4 h6 10. Nc5 Re8 11. Nxd7 Kxd7 12. O-O Bxc4 13. Qd4+ Bd5 14. c4 Re4 15. Qd3 Rxc4 16. b3 Rg4 17. f3 Bc5+ 18. Kh1 Rg5 19. Bb2 Nf6 20. Rae1 Nh5 21. Re5 Nf4 22. Qc3 Rxe5 23. Qxe5 Ne6 24. f4 Bd6 25. Qe3 Re8 26. f5 Nf4 27. Qg3 Bxg2+ 28. Kg1 Ne2+ 29. Kxg2 Nxg3 30. hxg3 Be5 31. Bc1 Bf6 32. Rf3 Re1 33. Ba3 Re2+ 0-1


[Site "https://www.chess.com"]

[Event "Titled Tuesday Blitz April 05 Early 2022"]
[White "Baches Garcia, Guillermo"]
[Black "Manolache, Marius"]
[WhiteFideId "2209764"]
[BlackFideId "1201530"]
[WhiteElo "2487"]
[BlackElo "2364"]
[Result "1-0"]
[Round "10"]
[TimeControl "180+1"]
[Date "2022.04.05"]
[WhiteClock "0:00:30"]
[BlackClock "0:01:19"]

1. e4 c5 2. Nf3 e6 3. c4 Qc7 4. Nc3 a6 5. Be2 Nf6 6. O-O Nc6 7. d4 cxd4 8. Nxd4 Bd6 9. h3 Bh2+ 10. Kh1 Nxd4 11. Qxd4 Be5 12. Qd3 O-O 13. f4 Bxc3 14. bxc3 d6 15. Ba3 Rd8 16. Rad1 Rd7 17. Bxd6 Qa5 18. e5 Ne8 19. c5 Qxa2 20. Bf3 Nxd6 21. exd6 Rd8 22. Ra1 Qb2 23. Rab1 Qa3 24. Qd4 Rb8 25. Ra1 Qb2 26. Rfb1 Qc2 27. c6 Ra8 28. c7 Rf8 29. Bxb7 Bxb7 30. Rxb7 e5 31. fxe5 Qf5 32. d7 1-0


[Site "https://www.chess.com"]

[Event "Titled Tuesday Blitz April 05 Early 2022"]
[White "Bachmann, Axel"]
[Black "volunteers1998"]
[WhiteFideId "3700488"]
[WhiteElo "2587"]
[BlackElo "2332"]
[Result "1/2-1/2"]
[Round "10"]
[TimeControl "180+1"]
[Date "2022.04.05"]
[WhiteClock "0:00:07"]
[BlackClock "0:00:34"]

1. d4 f5 2. g3 Nf6 3. Bg2 g6 4. Nf3 Bg7 5. O-O O-O 6. b3 d6 7. Bb2 c6 8. Nbd2 Na6 9. c4 e5 10. dxe5 Ng4 11. e4 Nxe5 12. Nxe5 Bxe5 13. Bxe5 dxe5 14. exf5 Bxf5 15. Ne4 Qxd1 16. Raxd1 Bxe4 17. Bxe4 Rad8 18. Kg2 Nc5 19. Bc2 Kf7 20. h4 Ke7 21. Rfe1 Rxd1 22. Rxd1 Rd8 23. Rxd8 Kxd8 24. h5 gxh5 25. Bxh7 Ke7 26. Bg6 Kf6 27. Bxh5 e4 28. f4 exf3+ 29. Bxf3 Nd3 30. a3 Nc1 31. Bd1 Ke5 32. Kf3 Nd3 33. Ke3 Nc5 34. Bc2 a6 35. g4 Ne6 36. b4 Nd4 37. Be4 b6 38. g5 c5 39. Bd3 cxb4 40. axb4 Ne6 41. g6 Kf6 42. Kd2 Nf4 43. Kc3 Nxd3 44. Kxd3 Kxg6 45. c5 bxc5 46. bxc5 Kf6 47. Kc4 Ke6 48. Kb4 Kd5 49. Ka5 Kxc5 50. Kxa6 1/2-1/2


[Site "https://www.chess.com"]

[Event "Titled Tuesday Blitz April 05 Early 2022"]
[White "Baker, Chris W"]
[Black "Melikhov, Evgeny V."]
[WhiteFideId "401676"]
[BlackFideId "4122046"]
[WhiteElo "2148"]
[BlackElo "1931"]
[Result "0-1"]
[Round "10"]
[TimeControl "180+1"]
[Date "2022.04.05"]
[WhiteClock "0:00:55"]
[BlackClock "0:00:28"]

1. e4 c5 2. Nf3 d6 3. d4 cxd4 4. Nxd4 Nf6 5. Nc3 a6 6. Be3 e5 7. Nb3 Be6 8. Be2 Be7 9. Qd2 O-O 10. O-O Ng4 11. Bxg4 Bxg4 12. f3 Be6 13. Rad1 Nd7 14. Nd5 Bxd5 15. Qxd5 Qc7 16. c3 b5 17. Rd2 Rac8 18. Rfd1 Qc6 19. Qxc6 Rxc6 20. Na5 Rc7 21. Kf2 f5 22. exf5 Rxf5 23. a4 bxa4 24. Ra1 Nc5 25. Bxc5 Rxc5 26. Rxa4 Kf7 27. Nb7 Rc6 28. Na5 Rc5 29. c4 e4 30. Nb3 Rce5 31. Re2 exf3 32. gxf3 Bh4+ 33. Kf1 Rxf3+ 34. Kg2 Rxb3 35. Rxe5 dxe5 36. Rxa6 Rxb2+ 0-1


[Site "https://www.chess.com"]

[Event "Titled Tuesday Blitz April 05 Early 2022"]
[White "Becerra, Juan David"]
[Black "Namitbir Singh Walia"]
[WhiteFideId "4404998"]
[BlackFideId "35071068"]
[WhiteElo "2277"]
[BlackElo "1565"]
[Result "1/2-1/2"]
[Round "10"]
[TimeControl "180+1"]
[Date "2022.04.05"]
[WhiteClock "0:00:13"]
[BlackClock "0:00:11"]

1. e4 c5 2. c3 d5 3. exd5 Qxd5 4. d4 Nf6 5. Nf3 e6 6. Bd3 Nc6 7. O-O Be7 8. Be3 O-O 9. dxc5 Bxc5 10. Bxh7+ Kxh7 11. Qxd5 exd5 12. Bxc5 Re8 13. Nbd2 b6 14. Bd4 Bg4 15. Bxf6 gxf6 16. Rfe1 Ne5 17. h3 Bxf3 18. Nxf3 Nxf3+ 19. gxf3 Kg6 20. Rad1 Rxe1+ 21. Rxe1 Kf5 22. Re7 Kf4 23. Rxf7 f5 24. Rd7 Rg8+ 25. Kf1 Rh8 26. Rxd5 Rxh3 27. Ke2 Rh1 28. Rd4+ Ke5 29. Ra4 Rb1 30. f4+ Kd5 31. b3 Rb2+ 32. Ke3 a5 33. Rd4+ Kc5 34. b4+ axb4 35. cxb4+ Rxb4 36. Rxb4 Kxb4 37. Kd4 Ka3 38. Kc4 Kxa2 39. Kb5 Kb3 40. Kxb6 Kc4 41. Kc6 Kd4 42. Kd6 Ke4 43. Ke6 Kxf4 44. Kf6 Kg4 45. Ke5 Kg5 46. f3 f4 47. Ke4 Kg6 48. Kxf4 Kf6 49. Ke4 Ke6 50. Kf4 Kf6 51. Kg4 Kg6 52. f4 Kf6 53. f5 Kf7 54. Kg5 Kg7 55. f6+ Kf7 56. Kf5 Kf8 57. Ke5 Kf7 58. Kf5 Kf8 59. Kg6 Kg8 60. Kh6 Kf7 61. Kg5 Kf8 62. Kf4 Kf7 63. Kf5 1/2-1/2


[Site "https://www.chess.com"]

[Event "Titled Tuesday Blitz April 05 Early 2022"]
[White "Begunov, Konstantin"]
[Black "Prieto Aranguren, Alain"]
[WhiteFideId "4118510"]
[BlackFideId "2268906"]
[WhiteElo "2262"]
[BlackElo "2235"]
[Result "1-0"]
[Round "10"]
[TimeControl "180+1"]
[Date "2022.04.05"]
[WhiteClock "0:00:07"]
[BlackClock "0:00:12"]

1. d4 f5 2. Nc3 b5 3. Nxb5 c6 4. Nc3 Nf6 5. Bg5 e6 6. e4 h6 7. Bxf6 Qxf6 8. Nf3 Be7 9. Bd3 d5 10. exf5 exf5 11. Ne5 O-O 12. O-O Nd7 13. f4 Nxe5 14. fxe5 Qh4 15. Ne2 f4 16. Qe1 Qxe1 17. Raxe1 g5 18. c4 Rb8 19. b3 Be6 20. Nc3 Bb4 21. Rc1 dxc4 22. Bxc4 Bxc4 23. bxc4 Rfd8 24. Rfd1 Ba3 25. Rc2 Rb2 26. Rxb2 Bxb2 27. Ne2 c5 28. d5 Bxe5 29. Rb1 Rb8 30. Rxb8+ Bxb8 31. Nc1 Kg7 32. Nd3 Bd6 33. Kf2 Kg6 34. Kf3 Kf5 35. h3 h5 36. Nf2 Be5 37. Ke2 Bd4 38. Nd3 g4 39. hxg4+ hxg4 40. a4 Ke4 41. Nf2+ Kf5 42. Nd3 a5 43. Nf2 Be5 44. Nd3 Bd6 45. Nc1 Ke4 46. Nb3 f3+ 47. gxf3+ gxf3+ 48. Kf2 Bf4 49. Nxc5+ Kd4 50. Ne6+ Ke5 51. Nxf4 Kxf4 52. d6 1-0


[Site "https://www.chess.com"]

[Event "Titled Tuesday Blitz April 05 Early 2022"]
[White "Biletskiy, Danylo"]
[Black "Miszler, Levente"]
[WhiteFideId "14155419"]
[BlackFideId "763276"]
[WhiteElo "2087"]
[BlackElo "1966"]
[Result "0-1"]
[Round "10"]
[TimeControl "180+1"]
[Date "2022.04.05"]
[WhiteClock "0:00:05"]
[BlackClock "0:00:17"]

1. e4 e6 2. d3 d5 3. Nd2 Nf6 4. Ngf3 Be7 5. g3 O-O 6. Bg2 c5 7. O-O Nc6 8. Re1 b5 9. h4 Bb7 10. e5 Nd7 11. Nf1 Qc7 12. Bf4 Rfc8 13. Ne3 Qd8 14. h5 h6 15. Ng4 Bf8 16. Qd2 a5 17. Bh3 a4 18. Bxh6 gxh6 19. Nxh6+ Bxh6 20. Qxh6 Qf8 21. Qf4 Qg7 22. Re2 b4 23. Rae1 b3 24. cxb3 axb3 25. a3 Ne7 26. h6 Qg6 27. Ng5 Rf8 28. h7+ Kh8 29. Bg4 d4 30. f3 Nd5 31. Qd2 Ne3 32. Rxe3 dxe3 33. Qxe3 Nb6 34. f4 Nd5 35. Qe2 Ra4 36. Bh5 Qg7 37. Rf1 Ba6 38. Rc1 Rd4 39. Rxc5 Rxd3 40. Qh2 Rd4 41. Rc1 Ne3 42. Qh4 Nf5 43. Qg4 Rd3 44. Kh2 Rxg3 45. Qd1 Rxg5 46. fxg5 Qxg5 47. Qg4 Qxg4 48. Bxg4 Kxh7 49. Bxf5+ exf5 50. Rc6 Bd3 51. Kg3 Kg7 52. Kf4 Be4 53. Rc3 Bc2 54. a4 Ra8 55. Rc4 Rh8 56. a5 Rh4+ 57. Kg5 Rxc4 58. a6 Rg4+ 59. Kh5 Ra4 60. a7 Rxa7 61. Kg5 Ra5 62. Kf4 f6 63. e6 Re5 64. e7 Rxe7 65. Kf3 Be4+ 66. Kf2 Rc7 67. Ke3 Rc2 68. Kd4 Rxb2 69. Kc3 Rc2+ 70. Kd4 f4 71. Kxe4 b2 72. Kf5 b1=Q 73. Kg4 Rg2+ 74. Kf3 Qf1+ 75. Ke4 Qe2+ 76. Kf5 Qe5# 0-1


[Site "https://www.chess.com"]

[Event "Titled Tuesday Blitz April 05 Early 2022"]
[White "Brodowski, Piotr"]
[Black "Pesotskiy, Mikhail"]
[WhiteFideId "1124480"]
[BlackFideId "34164453"]
[WhiteElo "2422"]
[BlackElo "2010"]
[Result "1-0"]
[Round "10"]
[TimeControl "180+1"]
[Date "2022.04.05"]
[WhiteClock "0:01:43"]
[BlackClock "0:00:17"]

1. e4 e6 2. d4 d5 3. Nd2 Nf6 4. e5 Nfd7 5. f4 c5 6. c3 Nc6 7. Ndf3 Qb6 8. a3 c4 9. h4 Na5 10. h5 Nb3 11. Rb1 Qb5 12. Be3 Nb6 13. g4 Bd7 14. Kf2 Be7 15. Kg3 O-O-O 16. Ne2 Rdf8 17. Bh3 f6 18. Rf1 Kb8 19. Kh2 Be8 20. Ng3 Nd7 21. f5 Bf7 22. g5 exf5 23. Nxf5 Bxh5 24. Nxe7 fxe5 25. Nxe5 Bxd1 26. Nxd7+ Ka8 27. Nxf8 Be2 28. Ne6 Qe8 29. Nc7+ 1-0


[Site "https://www.chess.com"]

[Event "Titled Tuesday Blitz April 05 Early 2022"]
[White "Butti, Enrique"]
[Black "Bas Mas, Jose Joaquin"]
[WhiteFideId "3700470"]
[BlackFideId "22219064"]
[WhiteElo "2080"]
[BlackElo "2212"]
[Result "1-0"]
[Round "10"]
[TimeControl "180+1"]
[Date "2022.04.05"]
[WhiteClock "0:00:24"]
[BlackClock "0:00:53"]

1. d4 f5 2. Nf3 Nf6 3. g3 e6 4. Bg2 Be7 5. O-O O-O 6. c4 d6 7. Nc3 Ne4 8. Bd2 Nd7 9. Qc2 Ndf6 10. e3 a5 11. Ne2 Bd7 12. Nf4 a4 13. Nd3 Qe8 14. Bc3 Qh5 15. Nfe1 Ng5 16. f3 Nh3+ 17. Bxh3 Qxh3 18. Nf4 Qh6 19. h4 g5 20. hxg5 Qxg5 21. Kf2 Nh5 22. Nxh5 Qxh5 23. Ng2 Qg5 24. Rh1 Rf7 25. Nf4 Bf6 26. Rh5 Qg7 27. Rah1 Qf8 28. g4 e5 29. Nd5 Bh8 30. gxf5 Bxf5 31. Rxf5 c6 32. Rxf7 Qxf7 33. Nb4 Rf8 34. Qe2 e4 35. f4 Bf6 36. Qh5 Qe7 37. Rg1+ Kh8 38. Qh6 a3 39. b3 Bg7 40. Rxg7 Qxg7 41. d5 1-0


[Site "https://www.chess.com"]

[Event "Titled Tuesday Blitz April 05 Early 2022"]
[White "Cagara, Paulina"]
[Black "Polster, Christian"]
[WhiteFideId "1124870"]
[BlackFideId "12965081"]
[WhiteElo "1780"]
[BlackElo "2321"]
[Result "0-1"]
[Round "10"]
[TimeControl "180+1"]
[Date "2022.04.05"]
[WhiteClock "0:01:22"]
[BlackClock "0:01:31"]

1. e4 c5 2. Nc3 a6 3. g3 b5 4. Bg2 Bb7 5. d3 e6 6. Nge2 Ne7 7. O-O d5 8. exd5 Nxd5 9. Nxd5 Bxd5 10. Nf4 Bxg2 11. Nxg2 Nc6 12. a4 Be7 13. axb5 axb5 14. Rxa8 Qxa8 15. Qf3 O-O 16. Nf4 Nd4 17. Qxa8 Rxa8 18. c3 Nb3 19. Be3 Ra2 20. Rb1 Bf6 21. h4 b4 22. cxb4 cxb4 23. Bc1 g6 24. Ne2 Nxc1 25. Nxc1 Rxb2 26. Ra1 Kg7 27. Ra7 Rxf2 28. Nb3 Rb2 29. Na5 Bd4+ 0-1


[Site "https://www.chess.com"]

[Event "Titled Tuesday Blitz April 05 Early 2022"]
[White "Derraugh, Geordie"]
[Black "Tasev, Dejan"]
[WhiteFideId "2603950"]
[BlackFideId "936618"]
[WhiteElo "2116"]
[BlackElo "2253"]
[Result "0-1"]
[Round "10"]
[TimeControl "180+1"]
[Date "2022.04.05"]
[WhiteClock "0:00:20"]
[BlackClock "0:00:27"]

1. e4 e5 2. Nf3 Nf6 3. Nxe5 Nc6 4. Nxc6 dxc6 5. d3 Bc5 6. Be2 Bb6 7. O-O Be6 8. c3 Qd7 9. a4 a5 10. Be3 c5 11. Nd2 Ng4 12. Nf3 Nxe3 13. fxe3 f6 14. e5 O-O-O 15. d4 Kb8 16. Kh1 fxe5 17. Nxe5 Qe7 18. Bf3 Qg5 19. Qe2 Rhe8 20. Rfb1 Bf5 21. Rf1 Rxe5 22. dxe5 Bd3 23. Qf2 Bxf1 24. Rxf1 Qxe5 25. Re1 c4 26. Qh4 g5 27. Qxc4 Rd2 28. b4 c6 29. b5 Bc7 30. Qg8+ Rd8 31. Qxh7 Rh8 32. Qxh8+ Qxh8 33. h3 Qe5 34. Kg1 Qh2+ 35. Kf1 Bg3 36. Rd1 Kc7 37. bxc6 bxc6 38. Ke2 Be5 39. Kd3 Bd6 40. Kc2 Qe5 41. Rd3 Qe6 42. Kb2 Bc5 43. e4 Qc4 44. Rd2 Qxa4 45. e5 Ba3+ 46. Kb1 Qb3+ 47. Ka1 Qxc3+ 0-1


[Site "https://www.chess.com"]

[Event "Titled Tuesday Blitz April 05 Early 2022"]
[White "Fernandez Siles, Luis"]
[Black "Golubeva, Oksana"]
[WhiteFideId "2209420"]
[BlackFideId "4170164"]
[WhiteElo "2212"]
[BlackElo "2162"]
[Result "1-0"]
[Round "10"]
[TimeControl "180+1"]
[Date "2022.04.05"]
[WhiteClock "0:00:08"]
[BlackClock "0:00:08"]

1. e4 e6 2. d4 d5 3. Nd2 c5 4. c3 Nf6 5. Bd3 cxd4 6. cxd4 Nc6 7. Ngf3 Bb4 8. e5 Ne4 9. O-O Nxd2 10. Bxd2 Be7 11. g3 Qb6 12. Bc3 Bd7 13. h4 h6 14. h5 O-O-O 15. a4 Bb4 16. Qd2 a5 17. Bb5 Kb8 18. Bxc6 Bxc6 19. Bxb4 Qxb4 20. Qxb4 axb4 21. Rfc1 Rc8 22. Kf1 Rc7 23. Ke2 Rhc8 24. Kd2 f6 25. Rc5 Be8 26. Rxc7 Rxc7 27. g4 Ka7 28. Rc1 Rxc1 29. Kxc1 Bxa4 30. Kd2 Kb6 31. Nh4 Kc7 32. Ng2 Kd7 33. f4 Kc7 34. Ne3 Be8 35. f5 Kd7 36. exf6 gxf6 37. fxe6+ Kxe6 38. Nf5 Bd7 39. Nxh6 Ke7 40. Nf5+ Kf7 41. Ke3 Ba4 42. Kf4 Bd1 43. h6 Kg6 44. Ne7+ Kxh6 45. Nxd5 Kg6 46. Nxb4 Kf7 47. Nd5 Ke6 48. Nc3 Bc2 49. g5 fxg5+ 50. Kxg5 Kd6 51. Kf4 Bg6 52. Ke3 Bf7 53. Kd3 Bg6+ 54. Kc4 Kc6 55. d5+ Kd7 56. Kc5 Bf7 57. Nb5 b6+ 58. Kd4 Bg8 59. Nc3 Kd6 60. b4 Bf7 61. Ne4+ Kd7 62. Ke5 Bg6 63. Nf6+ Ke7 64. d6+ Kd8 65. Nd5 b5 66. Nf6 Bd3 67. Kd4 Bf1 68. Kc5 Be2 69. Kc6 Bd3 70. Nd5 Be4 71. Kc5 Bd3 72. Nc7 Kc8 73. Nxb5 Kb7 74. Nd4 Bg6 75. b5 Be8 76. b6 Bd7 77. Nb5 Be6 78. Na3 Bd7 79. Nc4 Be6 80. Na5+ Kc8 81. b7+ Kb8 82. Kd4 Bd7 83. Ke5 Ka7 84. Kf6 Kb8 85. Ke7 Bb5 86. d7 Bxd7 87. Kxd7 Ka7 88. Kc7 Ka6 89. b8=Q Kxa5 90. Qb3 Ka6 91. Qb6# 1-0


[Site "https://www.chess.com"]